[Event "*** Titled Tuesday Blitz"]
[Site "Chess.com"]
[Date "2020.12.01"]
[Round "11"]
[White "FearNoEvil12"]
[Black "Stosk"]
[Result "1-0"]
[WhiteElo "2209"]
[BlackElo "2393"]
[TimeControl "180+1"]
[EndTime "12:06:47 PST"]
[Termination "FearNoEvil12 won by checkmate"]

1. e4 e5 2. d4 exd4 3. Bc4 Nc6 4. Nf3 Nf6 5. e5 d5 6. Bb5 Ne4 7. Nxd4 Bd7 8. Bxc6 bxc6 9. O-O Bc5 10. f3 Ng5 11. f4 Ne6 12. Be3 Rb8 13. b3 O-O 14. f5 Nxd4 15. Bxd4 Bxd4+ 16. Qxd4 Qg5 17. f6 Bh3 18. Qf2 Qxe5 19. gxh3 Qxa1 20. Qg3 Qd4+ 21. Rf2 g6 22. Nd2 Rbe8 23. Kg2 Qe3 24. Qh4 Re5 25. Nf3 Rh5 26. Qg4 Qe6 27. Nd4 Qxg4+ 28. hxg4 Rg5 29. Kf3 c5 30. Nc6 h5 31. h3 hxg4+ 32.
hxg4 Re8 33. Ne7+ Kf8 34. Kf4 Rb8 35. Kxg5 Rb4 36. Nxd5 Rd4 37. c4 c6 38. Rh2 Ke8 39.
Rh8+ Kd7 40. Ne7 Rd2 41. Ra8 Rxa2 42. Kh6 Ke6 43. Kg7 a5 44. Rc8 Kd7 45. Rxc6 a4 46. Rxc5 axb3 47. Rb5 b2 48. c5 Kc7 49. c6 Kd6 50.
Kxf7 g5 51. Rb7 Ra7 52. Rxb2 Rc7 53. Ke8 Ke6 54. Re2+ Kd6 55. f7 Rc8+ 56. Nxc8+ Kxc6 57. f8=Q Kc7 58. Qe7+ Kb8 59. Re6 Ka8 60. Qa3+ Kb8 61. Rb6+ Kc7 62. Qc5# 1-0

[Event "*** Titled Tuesday Blitz"]
[Site "Chess.com"]
[Date "2020.12.01"]
[Round "11"]
[White "ChristopherYoo"]
[Black "TimurGareyev"]
[Result "1-0"]
[WhiteElo "2860"]
[BlackElo "2704"]
[TimeControl "180+1"]
[EndTime "12:06:49 PST"]
[Termination "ChristopherYoo won by resignation"]

1. Nf3 d6 2. d4 Bg4 3. Nbd2 Nd7 4. h3 Bh5 5. e4 e6 6. Be2 Ngf6 7. O-O Be7 8. c3 O-O 9. Re1 c6 10. a4 a5 11. Nh2 Bg6 12. Bd3 d5 13. Nhf3 c5 14. Qe2 cxd4 15. cxd4 dxe4 16. Nxe4 Bb4 17. Bd2 Bxe4 18.
Bxe4 Bxd2 19. Nxd2 Qb6 20. Nc4 Qb4 21. Bf3 Rac8 22.
Rec1 b6 23. Rc3 Nd5 24. Bxd5 exd5 25. Ne3 Nf6 26. Rxc8 Rxc8 27. Nf5 Re8 28. Qc2 g6 29. Qc6 Re6 30. Qa8+ Qf8 31. Qxf8+ Kxf8 32. Ne3 Re4 33. Rd1 Ke7 34. Kf1 Kd6 35. Ke2 h5 36. Kd3 Re8 37.
Rc1 h4 38. Rc2 Ne4 39. Nd1 Ng5 40. Nc3 Re1 41. Nb5+ Ke6 42. Rc6+ Kf5 43. Rxb6 Ne4 44. Nd6+ Kf4 45. Nxe4 dxe4+ 46. Kd2 Rb1 47. Rf6+ Kg5 48.
Rxf7 Rxb2+ 49. Ke3 Rb4 50. Kxe4 Rxa4 51. f4+ Kh6 52.
Ke5 Ra2 53. d5 Rxg2 54. d6 Re2+ 55. Kf6 Rd2 56. d7 a4 57. Ke7 Re2+ 58. Kf8 Rd2 59.
Ke8 Re2+ 60. Re7 Rd2 61. d8=Q Rxd8+ 62. Kxd8 a3 63. Ra7 g5 64. fxg5+ Kxg5 65. Rxa3 1-0

[Event "*** Titled Tuesday Blitz"]
[Site "Chess.com"]
[Date "2020.12.01"]
[Round "11"]
[White "zurzan"]
[Black "Tsyhanchuk_Stanislav"]
[Result "1/2-1/2"]
[WhiteElo "2079"]
[BlackElo "2200"]
[TimeControl "180+1"]
[EndTime "12:06:49 PST"]
[Termination "Game drawn by repetition"]

1. f4 c6 2. Nf3 d5 3. g3 g6 4. Bg2 Bg7 5. O-O Bg4 6. d3 e6 7. c3 Bxf3 8. Bxf3 Ne7 9. e4 dxe4 10.
dxe4 Qxd1 11. Rxd1 O-O 12. Be3 e5 13. Bc5 Re8 14.
Na3 exf4 15. gxf4 Na6 16. Bd6 h5 17. Nc4 Rad8 18. Na5 Nc8 19. e5 Nxd6 20. Rxd6 Rxd6 21. exd6 Nc5 22. b4 Bxc3 23. bxc5 Bxa5 24. Rb1 Bc3 25. Rxb7 Bd4+ 26. Kg2 Bxc5 27. Bxc6 Rd8 28. d7 Kf8 29. a4 Bb6 30. Kf3 Ke7 31. Bb5 f6 32. h3 g5 33. fxg5 fxg5 34. Ke4 g4 35. hxg4 hxg4 36. Kf4 Rg8 37. Kg3 Rd8 38. Kxg4 Rg8+ 39.
Kf5 Rf8+ 40. Ke5 Rd8 41. Kd5 Rf8 42. Ke4 Rd8 43. Bc6 Rf8 44. Bd5 Rd8 45. Bc6 Rf8 46. a5 Bxa5 47. Rxa7 Bd8 48. Kd5 Rf6 49. Ba4 Rd6+ 50.
Kc5 Rf6 51. Bc6 Rf5+ 52. Bd5 Rf6 53. Rb7 Rd6 54. Bc6 Rf6 55. Rb8 Rf5+ 56. Kc4 Rf6 57.
Bb5 Rf4+ 58. Kb3 Rf6 59. Rc8 Rd6 60. Kc4 Rf6 61. Kd5 Rd6+ 62. Kc4 Re6 63. Kd5 Rd6+ 64. Kc4 1/2-1/2

[Event "*** Titled Tuesday Blitz"]
[Site "Chess.com"]
[Date "2020.12.01"]
[Round "11"]
[White "maxip32"]
[Black "HackingKid98"]
[Result "1-0"]
[WhiteElo "2497"]
[BlackElo "2374"]
[TimeControl "180+1"]
[EndTime "12:06:51 PST"]
[Termination "maxip32 won on time"]

1. f4 e5 2. fxe5 d6 3. exd6 Bxd6 4. Nf3 g5 5. g3 g4 6. Nh4 Ne7 7. d4 Ng6 8. Nxg6 hxg6 9. Qd3 Bf5 10. e4 Bd7 11.
Bg2 Nc6 12. c3 Qe7 13. Nd2 O-O-O 14. Nc4 Bf5 15. Nxd6+ Rxd6 16. Bf4 Re6 17. O-O-O Bxe4 18. Bxe4 Rxe4 19. Be5 Rxe5 20. dxe5 Nxe5 21. Qd4 f6 22.
Qxa7 Nc6 23. Qf2 Qe6 24. Kb1 f5 25. Rhe1 Qc4 26. Qe2 Qc5 27. Qe6+ Kb8 28. Rd2 Na5 29. Qd5 Qb6 30. Qd4 Qxd4 31. cxd4 Nc4 32. Rde2 Nd6 33. b3 Ne4 34. Kc2 c6 35. Rd1 Kc7 36. d5 c5 37. Kd3 Kd6 38. Kc4 Ra8 39. a4 Ra6 40. Kd3 Rb6 41. Kc2 Rb4 42. a5 Rb5 43. Ra1 Kxd5 44.
a6 bxa6 45. Rxa6 c4 46. bxc4+ Kxc4 47. Rxg6 Kd4 48. Rg8 Rc5+ 49. Kb3 Kd3 50. Re1 Rb5+ 51. Ka4 Rb2 52. Rd8+ Kc4 53. Rc8+ Nc5+ 54. Ka3 Rb3+ 55. Ka2 1-0

[Event "*** Titled Tuesday Blitz"]
[Site "Chess.com"]
[Date "2020.12.01"]
[Round "11"]
[White "IMVoja"]
[Black "Enriquack"]
[Result "0-1"]
[WhiteElo "2396"]
[BlackElo "2300"]
[TimeControl "180+1"]
[EndTime "12:06:51 PST"]
[Termination "Enriquack won by resignation"]

1. e4 c5 2. Nf3 e6 3. d3 Nc6 4.
g3 Qc7 5. Bg2 b6 6. O-O Bb7 7.
Nbd2 h5 8. h4 Nh6 9. Nc4 Ng4 10.
Bf4 d6 11. a4 Be7 12. c3 Nce5 13. Ne3 Ng6 14. Bg5 f6 15. Bf4 Nxf4 16. gxf4 d5 17. e5 fxe5 18. fxe5 Nxe5 19. Re1 Ng4 20. Nf1 O-O 21.
Rxe6 d4 22. Qe2 Bxh4 23. Nxh4 Rxf2 24. Re8+ Kh7 25. Be4+ Kh6 26. Nf5+ Kg5 27. Qxg4+ hxg4 28. Rxa8 Rxf5 29. Rxa7 Rxf1+ 30. Kxf1 Qf4+ 31. Ke2 Bxe4 32. dxe4 Qxe4+ 33. Kd2 Qe3+ 34. Kc2 d3+ 35. Kb3 Qe6+ 36. c4 Qf6 37. Rd7 Qf3 38. Kc3 d2+ 39. Kc2 g3 40. Rd1 g2 41. R7xd2 Qe4+ 42. Kc1 Kh4 43. Rd3 g5 44. R1d2 g4 45. Rd1 g3 46. Kc2 Qxc4+ 47. Kd2 Qe4 48. Kc3 Qe2 49. R3d2 Qe3+ 50. Rd3 g1=Q 51. Rxe3 Qxe3+ 52. Rd3 Qxd3+ 53. Kxd3 g2 54. Kc4 g1=Q 55. Kb5 Qd4 56. Kxb6 Qb4+ 57. Kc6 c4 58. Kd5 Qxb2 59. Kxc4 Qb8 60. a5 Qa8 61. Kb5 Kg4 62.
Kb6 Kf5 63. a6 Ke6 64. a7 Kd5 65. Ka6 Kd6 66. Ka5 Kd7 67. Kb6 Kc8 68. Ka6 Kc7 69. Ka5 Qxa7+ 70. Kb5 Qb6+ 71. Kc4 Kd6 72. Kd3 Qc5 73.
Ke4 Qd5+ 74. Ke3 Ke5 0-1

[Event "*** Titled Tuesday Blitz"]
[Site "Chess.com"]
[Date "2020.12.01"]
[Round "11"]
[White "PowerThinking2650"]
[Black "Anna_ChessMate"]
[Result "1/2-1/2"]
[WhiteElo "2458"]
[BlackElo "2573"]
[TimeControl "180+1"]
[EndTime "12:06:57 PST"]
[Termination "Game drawn - insufficient material"]

1. e4 c6 2. d4 d5 3. Nc3 dxe4 4. Nxe4 Bf5 5. Ng3 Bg6 6. h4 h6 7. Nf3 e6 8. h5 Bh7 9. Bd3 Bxd3 10. Qxd3 Nf6 11. Bf4 Bd6 12. Ne5 Nd5 13. Bd2 Nd7 14.
f4 N7f6 15. O-O-O Qc7 16. Kb1 O-O-O 17. c4 Nb6 18. Qe2 c5 19. dxc5 Bxc5 20. Ba5 Qe7 21. a3 Bd6 22. Rxd6 Qxd6 23. Nxf7 Qd3+ 24. Qxd3 Rxd3 25. Nxh8 Rxg3 26. Rd1 Nxh5 27. Nf7 Nxf4 28. Rd8+ Kc7 29. c5 Rxg2 30. cxb6+ axb6 31. Bc3 Nd5 32. Be5+ Kc6 33. Rc8+ Kd7 34. Rc2 Rg1+ 35. Ka2 g5 36.
Nxh6 Ke7 37. Ng8+ Kf8 38. Rc8+ Kf7 39. Nh6+ Kg6 40. Ng8 g4 41. Ne7+ Nxe7 42. Rc7 Nf5 43. Rxb7 g3 44. Bxg3 Nxg3 45. Rxb6 Kf5 46. a4 e5 47. a5 Rh1 48. a6 Rh8 49. b4 Ra8 50. b5 Ne4 51. Rc6 Nf6 52. Kb3 e4 53. Rc1 e3 54.
Kb4 e2 55. Re1 Nd5+ 56. Kc5 Nf4 57. Kb6 Ke4 58. Kb7 Re8 59. a7 Kd3 60. a8=Q Rxa8 61.
Kxa8 Nd5 62. Ka7 Kd2 63. Rxe2+ Kxe2 64. b6 Nxb6 1/2-1/2

[Event "*** Titled Tuesday Blitz"]
[Site "Chess.com"]
[Date "2020.12.01"]
[Round "11"]
[White "VladaSviridova"]
[Black "dopolian"]
[Result "1-0"]
[WhiteElo "2331"]
[BlackElo "2420"]
[TimeControl "180+1"]
[EndTime "12:06:57 PST"]
[Termination "VladaSviridova won on time"]

1. d4 Nf6 2. c4 c5 3. d5 e6 4. Nc3 exd5 5. cxd5 d6 6. e4 g6 7.
Bd3 Bg7 8. h3 O-O 9. Nf3 Bd7 10.
a4 Na6 11. O-O Nb4 12. Bc4 Re8 13. Re1 a6 14. Bf4 b5 15. axb5 axb5 16. Rxa8 Qxa8 17.
Nxb5 Bxb5 18. Bxb5 Rxe4 19. Bxd6 Rxe1+ 20. Nxe1 Qxd5 21. Qxd5 Nfxd5 22. Bxc5 Bxb2 23. Nd3 Nxd3 24. Bxd3 Kg7 25.
Bc4 Nf6 26. g4 h5 27. g5 Ne4 28. Be3 Bc3 29. Bd3 Nd6 30. Kg2 Kf8 31. h4 Ke7 32. f4 Ke6 33. Bf2 Bd2 34. Kf3 Bc1 35. Bc2 Nf5 36.
Bb3+ Ke7 37. Bc2 Ng7 38. Bb3 Ne6 39. Be3 Bxe3 40. Kxe3 Ng7 41. Bc2 Ke6 42. Kf2 Ne8 43. Ke3 Nd6 44. Bb3+ Kf5 45. Kf3 f6 46. Bc2+ Ke6 47. Bb3+ Ke7 48. gxf6+ Kxf6 49. Bc2 Nf5 50. Be4 Nxh4+ 51. Kg3 Nf5+ 52. Kf3 Ng7 53. Kg3 Ne6 54. Kf3 Nd4+ 55. Ke3 Nf5+ 56. Kf3 Ke6 57. Bb1 Kd5 58. Ba2+ Kd4 59. Bf7 Ne7 60. Be8 Kd5 61. Bf7+ Kd6 62. Ke4 h4 63. Kf3 1-0

[Event "*** Titled Tuesday Blitz"]
[Site "Chess.com"]
[Date "2020.12.01"]
[Round "11"]
[White "Vuk2000"]
[Black "Neftegor"]
[Result "1-0"]
[WhiteElo "2704"]
[BlackElo "2516"]
[TimeControl "180+1"]
[EndTime "12:06:59 PST"]
[Termination "Vuk2000 won by resignation"]

1. d4 Nf6 2. Bg5 d5 3. Bxf6 exf6 4. e3 Bd6 5. Bd3 c6 6. Qf3 h5 7. Bf5 Bxf5 8. Qxf5 g6 9. Qf3 f5 10. Ne2 Nd7 11.
Nd2 Nf6 12. h3 Qe7 13. O-O-O a5 14. Nf4 a4 15. Nd3 a3 16. b3 Ne4 17. Nb1 h4 18. Rhe1 O-O 19. Qe2 b5 20. f3 Ng3 21. Qd2 b4 22. Nf2 Rfe8 23. Qd3 Rac8 24. Nd2 c5 25. dxc5 Bxc5 26. Qxd5 Qf6 27. Nd3 Qa1+ 28. Nb1 Bxe3+ 29. Rxe3 Rxe3 30. Qb7 Ree8 31. Qxb4 Qxa2 32. Nxa3 Rb8 33. Qd6 Red8 34. Qe7 Re8 35. Qd6 Ra8 36. Nb1 Rac8 37. Nb4 Qa5 38. Kb2 Ra8 39. Nc6 Qa1+ 40. Kc1 Ne2+ 41.
Kd2 Kg7 42. Re1 Ng3 43. Rxe8 Rxe8 44. Qd4+ Qxd4+ 45. Nxd4 Nf1+ 46. Kd3 Ne3 47. b4 Nxg2 48. Ne2 Ne1+ 49. Kd2 Nxf3+ 50. Kd1 Ne5 51. Nd2 Nc4 52. Nxc4 f4 53. Nd2 g5 54. Nf3 f6 55. b5 Rb8 56.
Ned4 Rd8 57. Ke2 f5 58. Ne6+ Kf6 59. Nxd8 g4 60. Nxh4 gxh3 61. Nf3 Ke7 62. Nc6+ Kd6 63. Ncd4 Kc5 64. c3 Kb6 65. Nh2 Kc5 66. Kf3 Kb6 67.
Kxf4 Kc5 68. Kxf5 Kc4 69. Ke5 Kc5 70. b6 Kxb6 71. Kd5 1-0

[Event "*** Titled Tuesday Blitz"]
[Site "Chess.com"]
[Date "2020.12.01"]
[Round "11"]
[White "DenLaz"]
[Black "Jospem"]
[Result "1-0"]
[WhiteElo "2816"]
[BlackElo "2949"]
[TimeControl "180+1"]
[EndTime "12:07:01 PST"]
[Termination "DenLaz won by checkmate"]

1. d4 Nf6 2. c4 e6 3. Nf3 Bb4+ 4. Bd2 Qe7 5. g3 Bxd2+ 6. Qxd2 O-O 7. Nc3 d6 8. Bg2 c6 9. O-O e5 10. e4 Bg4 11.
Ne1 a5 12. Nc2 Na6 13. h3 Be6 14. Ne3 Qc7 15. f4 Rad8 16. Rad1 Rfe8 17. Qf2 exd4 18. Rxd4 Nc5 19. g4 Bc8 20. g5 Nfd7 21. Rfd1 Nf8 22. f5 Nfd7 23. Rxd6 Ne5 24. Rxd8 Rxd8 25.
h4 Ned3 26. Qe2 Qf4 27. Ng4 Re8 28. Rf1 Qg3 29. Nf2 Ne5 30. Rd1 Qxh4 31. Qe3 b6 32. b3 h6 33. gxh6 gxh6 34. Ne2 Kh7 35. Qf4 Qg5 36.
Nh3 Qg4 37. Qxg4 Nxg4 38. Ng3 Nf6 39. Nf2 Ncd7 40. Rd6 c5 41. Nd3 Kg7 42. Nf4 Kf8 43. Nd5 Nxd5 44. cxd5 Ke7 45. Rxh6 f6 46. Ne2 Rg8 47.
Nf4 Ne5 48. Kf1 Ba6+ 49. Ke1 Nd3+ 50. Nxd3 Bxd3 51. Bf3 Rg1+ 52. Kf2 Ra1 53. Rh7+ Kd6 54. Rf7 Ke5 55. Ke3 Bb5 56. Re7+ Kd6 57. Re6+ Kc7 58.
Rxf6 Rxa2 59. d6+ Kb8 60. e5 c4 61. e6 c3 62. Rf8+ Ka7 63. Ra8# 1-0

[Event "*** Titled Tuesday Blitz"]
[Site "Chess.com"]
[Date "2020.12.01"]
[Round "11"]
[White "PotapovaM"]
[Black "vladimirdamjanovic"]
[Result "1-0"]
[WhiteElo "2586"]
[BlackElo "2448"]
[TimeControl "180+1"]
[EndTime "12:07:05 PST"]
[Termination "PotapovaM won by resignation"]

1. d4 Nf6 2. c4 c5 3. d5 b5 4.
cxb5 a6 5. bxa6 Bxa6 6. Nc3 d6 7. e4 Bxf1 8. Kxf1 g6 9. Nf3 Nbd7 10. g3 Bg7 11. Kg2 O-O 12. a4 Ng4 13. Qe2 Nge5 14.
Nd2 Nb8 15. f4 Ned7 16. Nc4 Nb6 17. Bd2 Nxc4 18. Qxc4 Nd7 19. b3 Nb6 20. Qe2 Nd7 21. Ra2 Rb8 22. Nb5 Nb6 23. Qd3 f5 24. Na7 Qd7 25. Nc6 Rbe8 26. a5 Na8 27. Re1 e6 28. exf5 gxf5 29. b4 cxb4 30. Bxb4 Nc7 31. Nd4 Nxd5 32. Bd2 e5 33. Nxf5 Nxf4+ 34. Bxf4 Rxf5 35. Be3 e4 36. Qc4+ d5 37. Qb3 Kh8 38. a6 d4 39.
Bf4 e3 40. Qb7 Qe6 41. Rc2 d3 42. Rxe3 Be5 43. Bxe5+ Rxe5 44. Rxe5 Qxe5 45. Rd2 Qe3 46. Qb2+ Kg8 47. Qb3+ Kg7 48. Qxd3 Qa7 49. Qd7+ Qxd7 50. Rxd7+ Kf6 51. a7 Ra8 52. Rxh7 Kg6 53. Rb7 Kf6 54.
h4 Kg6 55. g4 Kh6 56. Kg3 Kg6 57. h5+ Kh6 58. Rb6+ Kg7 59. Ra6 Kh7 60. g5 Kg7 61.
Kg4 Kh7 62. h6 Kg8 63. g6 Kh8 64. Kg5 Kg8 65. Rb6 1-0

[Event "*** Titled Tuesday Blitz"]
[Site "Chess.com"]
[Date "2020.12.01"]
[Round "11"]
[White "Parhamov"]
[Black "TigrVShlyape"]
[Result "0-1"]
[WhiteElo "2911"]
[BlackElo "2877"]
[TimeControl "180+1"]
[EndTime "12:07:07 PST"]
[Termination "TigrVShlyape won by resignation"]

1. e4 e5 2. Nf3 Nc6 3. Bb5 a6 4. Ba4 Nf6 5. O-O Be7 6. Re1 b5 7. Bb3 d6 8. c3 O-O 9. h3 Nb8 10. d4 Nbd7 11. Nbd2 Bb7 12. Bc2 Re8 13. Nf1 Bf8 14.
Ng3 g6 15. a3 c5 16. d5 c4 17. Be3 Nc5 18. Nh2 Bc8 19. Qf3 Bg7 20. Ngf1 Rf8 21. g4 Nfd7 22. Ng3 Bf6 23. Qg2 Bg5 24. Nf3 Bxe3 25. Rxe3 f6 26. Kh2 Nb6 27. Rg1 Ra7 28.
Qf1 Rg7 29. Qc1 a5 30. Ree1 Kh8 31. Rg2 Bd7 32. Reg1 Qe7 33. Nh4 f5 34. Qh6 f4 35.
Ngf5 gxf5 36. gxf5 Rxg2+ 37. Rxg2 Be8 38. Rg6 Nbd7 39. Rxd6 Rf6 40. Rxf6 Qxf6 41. Qxf6+ Nxf6 42. f3 Bh5 43. Kg2 Kg7 44. Kf2 Kf8 45. Ng2 Ke7 46.
Ne1 Kd6 47. Ng2 Be8 48. Ke2 Nb7 49. Ne1 Kc5 50. b4+ cxb3 51. Bxb3 Kd6 52. Kf2 Nc5 53. Bd1 Nfd7 54. Ke2 Nb6 55. Kf2 Nc4 56. Nc2 Nd3+ 57. Kf1 Bh5 58. Be2 Ndb2 59. Kf2 Na4 60. Ne1 Nxc3 61. Nd3 Nd2 62. f6 Nxe2 63. Kxe2 Nxe4 64.
f7 Ng3+ 0-1

[Event "*** Titled Tuesday Blitz"]
[Site "Chess.com"]
[Date "2020.12.01"]
[Round "11"]
[White "XDPS"]
[Black "Iskusnyh"]
[Result "1-0"]
[WhiteElo "2775"]
[BlackElo "2631"]
[TimeControl "180+1"]
[EndTime "12:07:11 PST"]
[Termination "XDPS won on time"]

1. d4 d5 2. Bf4 Nf6 3. e3 c5 4. Nf3 Nc6 5. Nbd2 cxd4 6. exd4 Qb6 7. Nb3 Bg4 8. Be2 e6 9. O-O Be7 10. a4 a6 11. a5 Qd8 12. c3 O-O 13. Re1 Bxf3 14. Bxf3 Bd6 15. Bxd6 Qxd6 16. Nc5 Qc7 17. b4 Nd7 18. Nd3 Na7 19. Rc1 Nb5 20. Qd2 Rac8 21. Re3 Nd6 22. Re2 Nc4 23. Qe1 b6 24. axb6 Qxb6 25.
Nc5 Nxc5 26. dxc5 Qc7 27. Ra2 a5 28. Be2 axb4 29. Bxc4 Qxc5 30. Bd3 bxc3 31. Qe5 g6 32.
Rac2 d4 33. Qxc5 Rxc5 34. f4 g5 35. g3 Kg7 36. Kf2 gxf4 37. gxf4 Kf6 38. Kf3 e5 39. Bxh7 Rh8 40. Be4 Rh3+ 41. Kg2 Re3 42. fxe5+ Rxe5 43.
Rf2+ Ke7 44. Bb1 d3 45. Rxc3 d2 46. Rxe3 d1=Q 47. Rxe5+ Kf8 48. Bf5 Qd4 49. Re4 Qd5 50. Kg3 Qd6+ 51. Ref4 Kg7 52. Bg4 Qe5 53. Kg2 Qd5+ 54.
Bf3 Qc5 55. Rg4+ Kf8 56. h3 Qd6 57. Re2 Qd3 58. Rf2 Qd6 59. Be4 Qe5 60. Rgf4 Qg5+ 61. Kh2 Qh5 62. Bg2 Qe5 63. Kh1 Qe1+ 64. Rf1 Qe6 65. Rf5 Qc4 66. Bd5 1-0

[Event "*** Titled Tuesday Blitz"]
[Site "Chess.com"]
[Date "2020.12.01"]
[Round "11"]
[White "StockholmMissile"]
[Black "GameOverBro"]
[Result "1-0"]
[WhiteElo "2404"]
[BlackElo "2510"]
[TimeControl "180+1"]
[EndTime "12:07:12 PST"]
[Termination "StockholmMissile won by resignation"]

1. d4 d6 2. Nf3 Nf6 3. c4 Nbd7 4. Nc3 e5 5. g3 c6 6. Bg2 Be7 7.
O-O O-O 8. b3 Qc7 9. Bb2 Re8 10.
Qc2 a5 11. Rad1 h6 12. dxe5 dxe5 13. Nh4 Bf8 14. Ne4 Nxe4 15. Bxe4 Nf6 16. Bf5 a4 17. Bxc8 Qxc8 18. Nf5 axb3 19. axb3 Qe6 20. Ra1 g6 21. Ne3 Bc5 22. Nd1 Rxa1 23. Bxa1 h5 24. Nc3 Qg4 25. Kg2 e4 26. Nd1 Qf5 27. Ne3 Qe6 28. Qc3 Kg7 29. h3 Bd6 30. Bb2 Be5 31. Qxe5 Qxe5 32. Bxe5 Rxe5 33. Ra1 b5 34. Ra6 bxc4 35. Nxc4 Rb5 36.
Rxc6 Rxb3 37. Rc7 Rb8 38. Nd6 Rf8 39. Re7 Kg8 40. Nxe4 Nxe4 41. Rxe4 Kg7 42. Ra4 Rb8 43. g4 hxg4 44. hxg4 Rb7 45. Kg3 Rc7 46. e3 Rd7 47. Rc4 Re7 48. Kf4 Ra7 49. g5 Rb7 50. e4 Re7 51. Kg4 Rd7 52. Rb4 Rd1 53. Kf4 Rd8 54. f3 Re8 55. Rb7 Re6 56. Kg4 Re8 57. Rd7 Re6 58.
Kf4 Re8 59. Ke3 Re6 60. f4 Ra6 61. f5 gxf5 62. exf5 Ra5 63. Kf4 Ra4+ 64. Kg3 Ra3+ 65. Kg4 Ra4+ 66. Kh5 Ra5 67. f6+ Kg8 68. Kh6 Ra8 69.
g6 fxg6 70. Kxg6 Rf8 71. Rg7+ Kh8 72. Rh7+ Kg8 73. f7+ Rxf7 74. Rxf7 1-0

[Event "*** Titled Tuesday Blitz"]
[Site "Chess.com"]
[Date "2020.12.01"]
[Round "11"]
[White "sopo-tereladze"]
[Black "The_Machine04"]
[Result "0-1"]
[WhiteElo "2313"]
[BlackElo "2433"]
[TimeControl "180+1"]
[EndTime "12:07:15 PST"]
[Termination "The_Machine04 won on time"]

1. d4 d6 2. Nf3 Nf6 3. Bf4 g6 4.
h3 Bg7 5. e3 O-O 6. Be2 Nc6 7.
O-O Nd7 8. Bh2 e5 9. dxe5 dxe5 10. Nc3 h6 11. Qd2 Kh7 12. Rad1 f5 13. Bc4 Nb6 14. Bb3 Qe7 15. Nd5 Nxd5 16. Qxd5 Rd8 17. Qf7 Qxf7 18.
Bxf7 Bd7 19. Bg3 Rab8 20. Rd2 Be8 21. Rxd8 Rxd8 22. Bxe8 Rxe8 23. Rd1 Re7 24. Rd5 Kg8 25. a3 Kf7 26. c3 Ke6 27. Rd2 Rd7 28. Rxd7 Kxd7 29.
Kf1 Ke6 30. Ke2 Kd5 31. Nd2 g5 32. f3 Na5 33. e4+ fxe4 34. fxe4+ Ke6 35. Kd3 b6 36. b4 Nb7 37. Bf2 Nd6 38. Be3 Bf6 39. c4 h5 40.
a4 Be7 41. c5 Nb7 42. cxb6 cxb6 43. Kc3 Nd6 44. a5 bxa5 45. bxa5 a6 46. Kb3 Kd7 47. Bb6 Bf6 48. Kb4 Kc6 49. g4 hxg4 50. hxg4 Ne8 51.
Bc5 Nc7 52. Nc4 Ne6 53. Bd6 Nd4 54. Bxe5 Be7+ 55. Kc3 Nb5+ 56. Kd3 Bb4 57. Bd4 Nd6 58. e5 Nxc4 59. Kxc4 Bxa5 60. Bc5 Bd8 61. Bd6 a5 62. Ba3 Kd7 63. Kd5 Ke8 64. Ke6 a4 0-1

[Event "*** Titled Tuesday Blitz"]
[Site "Chess.com"]
[Date "2020.12.01"]
[Round "11"]
[White "BlixLT"]
[Black "Gerasimenyuk_Miha"]
[Result "1-0"]
[WhiteElo "2346"]
[BlackElo "2415"]
[TimeControl "180+1"]
[EndTime "12:07:18 PST"]
[Termination "BlixLT won by checkmate"]

1. d4 d6 2. e4 Nf6 3. Nc3 g6 4. g3 Bg7 5. Bg2 h5 6. Nge2 h4 7. Be3 Nc6 8. Qd2 e5 9. O-O-O hxg3 10. hxg3 Rxh1 11. Rxh1 exd4 12. Nxd4 Nxd4 13. Bxd4 Be6 14. Nd5 Bxd5 15. exd5 Kf8 16. f4 Qd7 17. f5 Kg8 18. fxg6 fxg6 19. Bh3 Qa4 20. Be6+ Kf8 21. Bxf6 Bxf6 22. Qh6+ Ke7 23. Qh7+ Kd8 24. Qxg6 Bxb2+ 25. Kb1 c5 26. Rh7 Bg7 27. Qg5+ Ke8 28. Qg6+ Kd8 29. Qg5+ Ke8 30. Qxg7 Qb4+ 31. Qb2 Qe1+ 32. Qc1 Qb4+ 33. Ka1 Qc3+ 34. Qb2 Qe1+ 35. Qb1 Qc3+ 36. Qb2 Qe1+ 37. Qb1 Qe4 38. Qb2 Qxh7 39. Qf6 Rd8 40. Bf5 Qe7 41. Qg6+ Kf8 42. Qh6+ Qg7+ 43. Qxg7+ Kxg7 44. Kb2 Kf6 45. g4 Ke5 46. c4 b5 47. cxb5 Kxd5 48. Kc3 Ke5 49. Kc4 Rb8 50. a4 Rb7 51. a5 Rc7 52.
b6 axb6 53. axb6 Rb7 54. Kb5 d5 55. Kxc5 d4 56. Kc6 Rb8 57. Kc7 Rg8 58. b7 Kf4 59.
Bc8 d3 60. b8=Q d2 61. Kc6+ Ke3 62. Qe5+ Kd3 63. Bf5+ Kc4 64. Qe4+ Kc3 65. Qc2+ Kb4 66. Qxd2+ Kc4 67. Be6# 1-0

[Event "*** Titled Tuesday Blitz"]
[Site "Chess.com"]
[Date "2020.12.01"]
[Round "11"]
[White "Klavdia_Nik"]
[Black "paulrusan"]
[Result "0-1"]
[WhiteElo "2072"]
[BlackElo "2248"]
[TimeControl "180+1"]
[EndTime "12:07:22 PST"]
[Termination "paulrusan won on time"]

1. Nf3 f5 2. c4 Nf6 3. b3 g6 4. Bb2 Bg7 5. g3 O-O 6. Bg2 d6 7. d4 c6 8. Nc3 Qa5 9. O-O e5 10. e3 e4 11. Nd2 d5 12. Qc2 Be6 13. Na4 Nbd7 14. Ba3 Rfc8 15. Bd6 b5 16. Nc5 Nxc5 17. Bxc5 Nd7 18. b4 Qd8 19. cxd5 cxd5 20. Rfc1 Nb6 21.
Bf1 Nc4 22. a4 a6 23. Nb3 g5 24. Bxc4 dxc4 25. Na5 Bd5 26. Rab1 f4 27. exf4 gxf4 28. Re1 Qg5 29. axb5 axb5 30. Rxe4 Qg6 31. Rbe1 fxg3 32.
hxg3 Bxe4 33. Qxe4 Qxe4 34. Rxe4 Re8 35. f3 c3 36. Kf2 c2 37. Rxe8+ Rxe8 38. Nb3 Ra8 39. Ke2 Ra3 40. Nc1 h5 41. Kd2 h4 42. gxh4 Bh6+ 43. Kxc2 Rxf3 44. Nd3 Rh3 45. Ne5 Rxh4 46. Kd3 Bg7 47.
Nd7 Kf7 48. Nb8 Ke6 49. Nc6 Kd5 50. Ne7+ Ke6 51. Nc6 Kd5 52. Na7 Rh3+ 53. Kc2 Bxd4 54. Nxb5 Bxc5 55. bxc5 Kxc5 56. Nc3 Kc4 57. Ne4 Rh2+ 58.
Nd2+ Kd4 59. Kd1 Kd3 60. Nf1 Rh1 61. Ke1 Rg1 62. Kf2 Rg7 63. Ng3 Rf7+ 64. Kg2 Ke3 65.
Nf1+ Ke2 66. Ng3+ Ke1 0-1

[Event "*** Titled Tuesday Blitz"]
[Site "Chess.com"]
[Date "2020.12.01"]
[Round "11"]
[White "Savagelittlemole"]
[Black "theturtlemoves"]
[Result "0-1"]
[WhiteElo "2523"]
[BlackElo "2437"]
[TimeControl "180+1"]
[EndTime "12:07:23 PST"]
[Termination "theturtlemoves won by resignation"]

1. e4 e5 2. Nf3 Nc6 3. Bb5 a6 4. Ba4 Nf6 5. O-O Be7 6. Re1 b5 7. Bb3 d6 8. c3 O-O 9. h3 h6 10.
d4 Re8 11. Nbd2 Bf8 12. Bc2 Bb7 13. Nf1 exd4 14. Nxd4 Nxd4 15. Qxd4 c5 16. Qd1 Nxe4 17. Bf4 Qh4 18. Bxe4 Bxe4 19. Bg3 Qf6 20. Nd2 Bc6 21. Qg4 Qg5 22. Qxg5 hxg5 23. Rad1 f6 24. Nf1 Rxe1 25. Rxe1 Kf7 26. Ne3 g6 27. Rd1 Rd8 28. a3 d5 29. f3 d4 30. cxd4 Rxd4 31. Kf2 Rxd1 32. Nxd1 Ke6 33. Ke3 f5 34. Bc7 Be7 35. Nf2 Bf6 36. b3 Bd5 37. b4 Bd4+ 38. Ke2 c4 39. Nd1 f4 40. Bd8 Kf5 41. Kd2 Bc6 42. Nc3 Be3+ 43. Kc2 Bd4 44. Kd2 Be5 45. Kc2 Bd6 46. Kd2 Bd7 47. Ne4 Be5 48. Nc5 Bc8 49. Ne4 Bb2 50.
Nd6+ Ke6 51. Nxc8 Kd7 52. Bxg5 Kxc8 53. Bxf4 Kd7 54. Kc2 Bxa3 55. Bd2 Kc6 56. g4 a5 57. bxa5 Bd6 58. h4 b4 59. h5 gxh5 60. gxh5 Kb5 61.
h6 Be5 62. h7 b3+ 63. Kb1 c3 64. Bxc3 Bxc3 65. f4 Kxa5 66. f5 Kb4 67. Kc1 Bh8 68. Kb1 Ka3 69. f6 Bxf6 70. h8=Q Bxh8 71. Kc1 Ka2 72. Kd2 b2 0-1

[Event "*** Titled Tuesday Blitz"]
[Site "Chess.com"]
[Date "2020.12.01"]
[Round "11"]
[White "Sergienko_Sergey"]
[Black "cstevens1"]
[Result "0-1"]
[WhiteElo "2370"]
[BlackElo "2637"]
[TimeControl "180+1"]
[EndTime "12:07:23 PST"]
[Termination "cstevens1 won on time"]

1. e4 c5 2. Nf3 e6 3. d3 Nc6 4. g3 Nge7 5. Bg2 d5 6. Nbd2 g6 7. O-O Bg7 8. Re1 h6 9. c3 b6 10. Qe2 Ba6 11. e5 g5 12. h3 Ng6 13. c4 Ncxe5 14.
Nxe5 Nxe5 15. f4 gxf4 16. gxf4 Nc6 17. cxd5 Nd4 18. Qh5 O-O 19. dxe6 fxe6 20. Nb3 Nc2 21. Rxe6 Nxa1 22. Bd5 Qxd5 23. Qxd5 Kh8 24. Nxc5 Rad8 25.
Qh5 Bxd3 26. Nxd3 Rxd3 27. Rxh6+ Kg8 28. Rh8+ Bxh8 29. Qg6+ Bg7 30. Qxd3 Rc8 31. Be3 Nc2 32. Qd5+ Kh8 33. Qh5+ Kg8 34. Bf2 Rd8 35. f5 Nd4 36. Qg6 Nf3+ 37. Kg2 Ne5 38. Qe6+ Nf7 39. f6 Bh6 40. Qg4+ Kh7 41. Qf5+ Kh8 42. Qg6 Rg8 43. Qxg8+ Kxg8 44. Kf3 Bc1 45. b3 Bb2 46. Ke4 Bxf6 47. Kf5 Bc3 48. Ke6 Ng5+ 49. Kd7 Ne4 50.
Bh4 Bd4 51. Kc6 Nc3 52. Kb7 Nxa2 53. Kxa7 Nc1 54. Ka6 Nxb3 55. Kb5 Nd2 56. Bd8 Nf3 57. Bxb6 Bg7 58. Ka6 Ng5 59. Kb7 Nxh3 60. Bc7 Ng5 61. Kc6 Nf7 62. Kb7 Ng5 63. Kc6 Ne4 64. Bd6 Kf7 65.
Bb4 Ke6 66. Kb5 Ng5 67. Kc4 Nf3 68. Bc3 Bf8 69. Kd3 Ng5 70. Ke3 Kd5 71. Kd3 Ne4 72. Be1 Bc5 0-1